 Dungeon Crawl Stone Soup version 0.27.1-1-g398f81649c (webtiles) character file.

Game seed: 5191372052852715556

926 Kala the Skirmisher (level 7, 0/64 HPs)
             Began as a Minotaur Fighter on Sept 6, 2021.
             Was an Initiate of Trog.
             Slain by a yak (4 damage)
             ... on level 5 of the Dungeon.
             The game lasted 00:10:26 (4413 turns).

Kala the Skirmisher (Minotaur Fighter)              Turns: 4413, Time: 00:10:26

Health: 0/64       AC:  9    Str: 22    XL:     7   Next: 85%
Magic:  6/6        EV:  7    Int:  5    God:    Trog [......]
Gold:   278        SH: 15    Dex: 10    Spells: 6/6 levels left

rFire    . . .     SeeInvis .   a - +0 flail
rCold    . . .     Faith    .   c - +0 kite shield
rNeg     . . .     Spirit   .   f - +0 chain mail
rPois    .         Reflect  +   (helmet restricted)
rElec    .         Harm     .   (no cloak)
rCorr    .         Rampage  .   (no gloves)
Will     .....                  (no boots)
Stlth    ..........             j - amulet of reflection
HPRegen  0.20/turn              (no ring)
MPRegen  0.10/turn              (no ring)

@: no status effects
A: horns 2, retaliatory headbutt
a: Renounce Religion


You were on level 5 of the Dungeon.
You worshipped Trog.
Trog was noncommittal.
You visited 2 branches of the dungeon, and saw 6 of its levels.

You collected 278 gold pieces.

Inventory:

Hand Weapons
 a - a +0 flail (weapon)
Armour
 c - a +0 kite shield (worn)
 f - a +0 chain mail (worn)
Jewellery
 e - an amulet of faith
 j - an amulet of reflection (around neck)
Scrolls
 b - 2 scrolls of enchant weapon {unknown}
 g - a scroll of vulnerability {unknown}
 k - a scroll of magic mapping {unknown}
 m - a scroll of summoning {unknown}
 o - a scroll of noise {unknown}
 q - a scroll of teleportation {unknown}
Potions
 d - a potion of might
 h - a potion of attraction
 i - a potion of heal wounds {unknown}
 l - a potion of mutation {unknown}
 n - a potion of curing
 p - a potion of cancellation {unknown}
 r - a potion of magic {unknown}


   Skills:
 * Level 6.8 Fighting
 * Level 6.1 Maces & Flails
 + Level 5.3 Armour
 + Level 3.2 Dodging
 + Level 5.2 Shields
 + Level 1.1 Evocations


You had 6 spell levels left.
You didn't know any spells.
Your spell library contained the following spells:

 Spells                   Type           Power      Damage    Failure   Level
 Blink                    Tloc           N/A        N/A       100%        2
 Slow                     Hex            0%         N/A       100%        2
 Confusing Touch          Hex            0%         N/A       100%        3
 Manifold Assault         Tloc           0%         N/A       100%        5
 Yara's Violent Unravell  Hex/Tmut       0%         3d3       100%        5
 Storm Form               Tmut/Air       0%         N/A       100%        7


Dungeon Overview and Level Annotations

Branches:
Dungeon (5/15)             Temple (1/1) D:4

Altars:
Ashenzari
Dithmenos
Elyvilon
Fedhas
Hepliaklqana
Nemelex Xobeh
Ru
Sif Muna
Trog
Uskayaw
Wu Jian
Xom

Shops:
D:4 *

Annotations:
D:3 3 runed translucent doors, Linguinho's ghost, amateur GrFi; denis1488's ghost, amateur OpTm


Innate Abilities, Weirdness & Mutations

You have a pair of horns on your head.
You reflexively headbutt those who attack you in melee.


Message History

Your Dodging skill increases to level 3!
Your Shields skill increases to level 5!
You hit the yak. You headbutt the yak!
The yak is severely wounded.
You block the yak's attack. x2
You thump the yak!
The yak is almost dead.
You block the yak's attack. The yak gores you but does no damage.
Your shield and chain mail prevent you from hitting the yak.
You headbutt the yak.
You kill the yak!
Trog accepts your kill.
You block the yak's attack. x2; The yak barely misses you.
You feel your intelligence returning.
Your Maces & Flails skill increases to level 6!
Your Evocations skill increases to level 1!
You barely miss the yak. The yak gores you but does no damage.
The yak gores you.
* * * LOW HITPOINT WARNING * * *
You hit the yak but do no damage. You headbutt the yak, but do no damage.
You block the yak's attack. x2
You sock the yak! Your headbutt misses the yak.
The yak is moderately wounded.
You block the yak's attack. x2; The yak closely misses you.
You hit the yak. Your headbutt misses the yak.
The yak is moderately wounded.
You block the yak's attack. The yak gores you but does no damage.
You block the yak's attack.
You hit the yak. You headbutt the yak.
The yak is heavily wounded.
The yak gores you but does no damage. You block the yak's attack.
You sock the yak!
The yak is severely wounded.
The yak barely misses you. The yak gores you but does no damage.
You hit the yak.
The yak is severely wounded.
The yak gores you.
* * * LOW HITPOINT WARNING * * *
You block the yak's attack. The yak gores you.
You die...

#######.........#################
......'.........'................
..#.###.........###########.##...
#.#.###.........# #.##...
...>..'.........# #.##...
#.#.###.........# ######'##...
#.....#.........## #...........
###.#.##......#..# #...........
....#.##......##@## #...........
......##......##YY#########+#####
.#######...)..###.......#
.#######................#
........................#
.................)......#
...............##.......#
...............##.......#
..####.........##.......#


You could see 2 yaks.

Vanquished Creatures
  2 yaks (D:5)
  Sigmund (D:3)
  A black bear (D:4)
  2 scorpions (D:4)
  2 jellies
  An iguana (D:4)
  A howler monkey skeleton (D:5)
  8 adders
  An ufetubus (D:4)
  An adder skeleton (D:4)
  A worm (D:2)
  A dart slug (D:4)
  2 orcs
  A bat (D:1)
  9 endoplasms
  4 giant cockroaches
  14 goblins
  9 hobgoblins
  5 jackals
  4 quokkas
  8 ball pythons
  2 frilled lizards
  5 kobolds
  7 rats
92 creatures vanquished.

Vanquished Creatures (others)
  4 toadstools (D:1)
4 creatures vanquished.

Grand Total: 96 creatures vanquished

Notes
Turn   | Place    | Note
-------+----------+-------------------------------------------
     0 | D:1      | Kala the Minotaur Fighter began the quest for the Orb.
     0 | D:1      | Reached XP level 1. HP: 19/19 MP: 0/0
    68 | D:1      | Reached XP level 2. HP: 19/27 MP: 1/1
   572 | D:1      | Reached XP level 3. HP: 32/33 MP: 2/2
   793 | D:1      | Found a faded altar of an unknown god.
  1027 | D:2      | Reached skill level 1 in Dodging
  1554 | D:2      | Reached XP level 4. HP: 34/41 MP: 3/3
  2330 | D:3      | Reached XP level 5. HP: 27/47 MP: 4/4
  2516 | D:3      | Found a runed translucent gate.
  2516 | D:3      | Found a runed translucent gate.
  2518 | D:3      | Found a runed translucent gate.
  2518 | D:3      | Noticed denis1488's ghost (amateur OpTm)
  2518 | D:3      | Noticed Linguinho's ghost (amateur GrFi)
  2551 | D:3      | Noticed Sigmund
  2560 | D:3      | Killed Sigmund
  2561 | D:3      | Reached skill level 5 in Fighting
  2561 | D:3      | Reached XP level 6. HP: 12/56 MP: 5/5
  3073 | D:4      | Found a staircase to the Ecumenical Temple.
  3107 | Temple   | Entered the Ecumenical Temple
  3149 | Temple   | Became a worshipper of Trog the Wrathful
  3215 | D:4      | Reached skill level 5 in Maces & Flails
  3661 | D:4      | Reached skill level 5 in Armour
  3661 | D:4      | Reached XP level 7. HP: 59/63 MP: 6/6
  3715 | D:4      | Found a shimmering blue altar of Sif Muna.
  3861 | D:4      | Found a white marble altar of Elyvilon.
  3921 | D:4      | Found a shadowy altar of Dithmenos.
  3984 | D:4      | Found Uditt's CLEARANCE SALE! EVERYTHING MUST GO!.
  4210 | D:5      | Entered Level 5 of the Dungeon
  4376 | D:5      | Noticed a yak
  4376 | D:5      | Noticed a yak
  4376 | D:5      | Noticed a yak
  4376 | D:5      | Noticed a yak
  4403 | D:5      | Killed a yak
  4404 | D:5      | Reached skill level 5 in Shields
  4406 | D:5      | Killed a yak
  4407 | D:5      | Reached skill level 1 in Evocations
  4413 | D:5      | Slain by a yak

Illustrated notes

Levels and vault maps discovered:
D:1:      lemuel_arrival_hallway, layout_loops_ring,
          shapermc_ecumenical_altar_hornbeckon, serial_bayou_pond_d,
          minmay_gold_behind_fungi
D:2:      layout_basic, serial_glass, glass_columns_c, glass_columns_a,
          amcnicky_mini_pool_small, chequers_serial_rivers_micro_b
D:3:      layout_rooms, gammafunk_ghost_cemetery, uniq_sigmund
D:4:      layout_cave_pools, lemuel_blue_sif_altar,
          mainiacjoe_overflow_cross_hatched, mainiacjoe_overflow_24_doors,
          minmay_temple_entry_statues_pillars, enter_ossuary_5,
          grunt_ministairs_4, nicolae_shop_clearance
D:5:      kennysheep_steamy, layout_basic
Temple:   jpeg_temple_island

Skill      XL: |  1  2  3  4  5  6  7 |
---------------+----------------------+-----
Fighting       | 4 5 6 |  6.8
Maces & Flails | 3 4 5 6 |  6.1
Armour         | 4 5 |  5.3
Dodging        | 1 2 3 |  3.2
Shields        | 4 5 |  5.2
Evocations     | 1 |  1.1

Action                   |  1- 3 |  4- 6 |  7- 9 || total
-------------------------+-------+-------+-------++-------
Melee: Flail             |    93 |    93 |    53 ||   239
       Headbutt          |    13 |    17 |    11 ||    41
  Use: Potion            |       |     3 |       ||     3
Armor: Scale mail        |    15 |       |       ||    15
       Chain mail        |    32 |    30 |    17 ||    79
Dodge: Dodged            |    24 |    24 |    15 ||    63
Block: Kite shield       |    46 |    82 |    52 ||   180
       Reflection        |       |     1 |       ||     1
